[Event "76th ARM-ch Women 2021"]
[Site "Yerevan"]
[Date "2021.02.18"]
[Round "3.1"]
[White "Mkrtchyan, Mariam"]
[Black "Grigoryan, Arpine"]
[Result "1-0"]
[ECO "A00"]
[WhiteElo "2075"]
[BlackElo "2091"]
[Annotator "ChessBase"]
[PlyCount "51"]
[EventDate "2021.02.16"]
[EventType "tourn"]
[EventCountry "ARM"]
[SourceTitle "playchess.com"]
[Source "ChessBase"]
[SourceQuality "1"]
[TimeControl "40/5400+30:1800+30"]

1. g3 Nf6 2. Bg2 d5 3. Nf3 e6 4. O-O Be7 5. d3 c5 6. Nbd2 Nc6 7. e4 dxe4 8. dxe4 e5 9. c3 O-O 10. Qe2 Qc7 11. Nc4 Be6 12. Nh4 Ne8 13. Nf5 Bxc4 14. Qxc4 Nd6 15. Qe2 Nxf5 16. exf5 f6 17. Be3 Na5 18. Rad1 Rad8 19. h4 Rxd1 20. Rxd1 Rd8 21. Rd5 a6 22. Qd3 c4 23. Rxd8+ Bxd8 24. Qd5+ Kh8 25. Qe6 Qe7 26. Bc5 1-0

[Event "76th ARM-ch Women 2021"]
[Site "Yerevan"]
[Date "2021.02.18"]
[Round "3.2"]
[White "Gaboyan, Susanna"]
[Black "Khachatryan, Anna"]
[Result "1-0"]
[ECO "B30"]
[WhiteElo "2211"]
[BlackElo "2086"]
[Annotator "ChessBase"]
[PlyCount "135"]
[EventDate "2021.02.16"]
[EventType "tourn"]
[EventCountry "ARM"]
[SourceTitle "playchess.com"]
[Source "ChessBase"]
[SourceQuality "1"]
[TimeControl "40/5400+30:1800+30"]

1. e4 c5 2. Nf3 Nc6 3. Nc3 e5 4. Bc4 d6 5. d3 Be7 6. Nd2 Bg5 7. Nf1 Bxc1 8. Rxc1 Nf6 9. Ne3 Be6 10. Ncd5 a6 11. O-O O-O 12. f4 exf4 13. Rxf4 Bxd5 14. Nxd5 Nxd5 15. Bxd5 Qg5 16. Qg4 Qxg4 17. Rxg4 Ne5 18. Rg3 Ra7 19. c3 b6 20. d4 Ng6 21. Rf1 Ne7 22. Bb3 Nc6 23. Rf6 Rd8 24. Bd5 Kf8 25. Rf1 Rc8 26. Rgf3 f6 27. Rd1 Re7 28. a3 Nd8 29. g4 h6 30. h4 Nf7 31. Rdf1 cxd4 32. cxd4 Rc2 33. Rc3 Rc7 34. Rff3 Ke7 35. Rxc7+ Rxc7 36. Rb3 b5 37. Rc3 Rxc3 38. bxc3 Nd8 39. h5 Ne6 40. Kf2 Nf4 41. Bb7 a5 42. Ke3 Ng2+ 43. Kd2 Kd7 44. e5 Nf4 45. exf6 gxf6 46. Ke3 Ne6 47. Ke4 Ng7 48. Bd5 Kc7 49. Bg8 Kc6 50. Bf7 Kc7 51. Kd5 Kd7 52. Bg6 Kc7 53. Bd3 Kd7 54. Bxb5+ Kc7 55. a4 f5 56. g5 Nxh5 57. gxh6 Nf4+ 58. Kc4 Ng6 59. Be8 Nf8 60. Bf7 f4 61. Kd3 Kd7 62. Bg8 Ke7 63. Ke4 Kf6 64. Kxf4 Ng6+ 65. Ke4 Ne7 66. h7 Kg7 67. Kd3 Nc6 68. Ke4 1-0

[Event "76th ARM-ch Women 2021"]
[Site "Yerevan"]
[Date "2021.02.18"]
[Round "3.3"]
[White "Khachatryan, Veronika"]
[Black "Gevorgyan, Maria"]
[Result "1/2-1/2"]
[ECO "A67"]
[WhiteElo "1767"]
[BlackElo "2228"]
[Annotator "ChessBase"]
[PlyCount "72"]
[EventDate "2021.02.16"]
[EventType "tourn"]
[EventCountry "ARM"]
[SourceTitle "playchess.com"]
[Source "ChessBase"]
[SourceQuality "1"]
[TimeControl "40/5400+30:1800+30"]

1. d4 Nf6 2. c4 c5 3. d5 e6 4. Nc3 exd5 5. cxd5 d6 6. e4 g6 7. f4 Bg7 8. Bb5+ Nfd7 9. Nf3 a6 10. Bd3 b5 11. O-O O-O 12. Kh1 f5 13. exf5 gxf5 14. Ng5 Nf6 15. Ne6 Bxe6 16. dxe6 b4 17. Qb3 Kh8 18. Nd5 Nc6 19. Bxf5 Nxd5 20. Be4 Nde7 21. Qh3 h6 22. f5 Rf6 23. g4 d5 24. g5 Rxe6 25. fxe6 dxe4 26. Be3 Nd5 27. Rf7 Nxe3 28. Rxg7 Kxg7 29. Qxh6+ Kg8 30. Qg6+ Kh8 31. Qh5+ Kg8 32. Qf7+ Kh8 33. Qh5+ Kg8 34. Qg6+ Kh8 35. Qh6+ Kg8 36. Qg6+ Kh8 1/2-1/2

[Event "76th ARM-ch Women 2021"]
[Site "Yerevan"]
[Date "2021.02.18"]
[Round "3.4"]
[White "Arakelyan, Nare"]
[Black "Ghukasyan, Siranush"]
[Result "0-1"]
[ECO "C85"]
[WhiteElo "1953"]
[BlackElo "2222"]
[Annotator "ChessBase"]
[PlyCount "78"]
[EventDate "2021.02.16"]
[EventType "tourn"]
[EventCountry "ARM"]
[SourceTitle "playchess.com"]
[Source "ChessBase"]
[SourceQuality "1"]
[TimeControl "40/5400+30:1800+30"]

1. e4 e5 2. Nf3 Nc6 3. Bb5 a6 4. Ba4 Nf6 5. O-O Be7 6. Bxc6 dxc6 7. d3 Nd7 8. Nbd2 O-O 9. Nc4 Bf6 10. b3 Re8 11. Bb2 g6 12. g3 Bg7 13. Qd2 f6 14. h4 Nf8 15. Kg2 h5 16. Ng1 Ne6 17. Ne2 Qd7 18. Rh1 b5 19. Ne3 c5 20. Rag1 Bb7 21. f3 Bh6 22. Kf2 Kh7 23. g4 hxg4 24. Nxg4 Qg7 25. Qd1 Bf4 26. Nxf4 Nxf4 27. Bc1 Nh5 28. Be3 Qf8 29. Qd2 f5 30. exf5 gxf5 31. Bh6 Qd6 32. Qg5 fxg4 33. Qxh5 Qxh6 34. Qf5+ Qg6 35. Qd7+ Qg7 36. Qf5+ Qg6 37. Qd7+ Kh6 38. Rxg4 Qf6 39. Rhg1 Qxf3+ 0-1

[Event "76th ARM-ch Women 2021"]
[Site "Yerevan"]
[Date "2021.02.18"]
[Round "3.5"]
[White "Hakobyan, Astghik"]
[Black "Avetisyan, Mariam"]
[Result "0-1"]
[ECO "B15"]
[WhiteElo "1820"]
[BlackElo "2092"]
[Annotator "ChessBase"]
[PlyCount "132"]
[EventDate "2021.02.16"]
[EventType "tourn"]
[EventCountry "ARM"]
[SourceTitle "playchess.com"]
[Source "ChessBase"]
[SourceQuality "1"]
[TimeControl "40/5400+30:1800+30"]

1. e4 c6 2. d4 d5 3. Nd2 dxe4 4. Nxe4 Nf6 5. Nxf6+ exf6 6. c3 Bd6 7. Bd3 O-O 8. Qc2 Re8+ 9. Ne2 h5 10. Be3 h4 11. O-O-O Qa5 12. Kb1 Be6 13. Nc1 b5 14. Qe2 g6 15. h3 Qc7 16. Qd2 Nd7 17. g3 hxg3 18. fxg3 Nb6 19. Bf4 Bd5 20. Rhg1 Nc4 21. Qf2 Rab8 22. Bxd6 Qxd6 23. Qf4 Qxf4 24. gxf4 f5 25. Nb3 Be4 26. Nc5 Bxd3+ 27. Nxd3 Re3 28. h4 Rh3 29. Rh1 Rxh1 30. Rxh1 Re8 31. Ne5 Nxe5 32. dxe5 Rd8 33. Kc2 Kg7 34. a4 a6 35. axb5 axb5 36. Kb3 Rd2 37. h5 Rf2 38. hxg6 fxg6 39. Rh4 c5 40. Ka3 Re2 41. Kb3 Rf2 42. Ka2 Kf7 43. Kb1 Ke6 44. Kc1 Kd5 45. Rh6 Rxf4 46. Rxg6 Kxe5 47. Rb6 b4 48. cxb4 Rxb4 49. Rc6 Kd5 50. Rf6 Ke4 51. Kc2 f4 52. Re6+ Kf3 53. Re5 Rb5 54. Kd1 Rxb2 55. Rxc5 Rb1+ 56. Kd2 Kf2 57. Rc8 f3 58. Rf8 Rb7 59. Rd8 Re7 60. Rd6 Kf1 61. Rd8 f2 62. Rd6 Re2+ 63. Kd1 Re1+ 64. Kd2 Kg2 65. Rg6+ Kh3 66. Rh6+ Kg4 0-1

[Event "76th ARM-ch Women 2021"]
[Site "Yerevan"]
[Date "2021.02.20"]
[Round "5.5"]
[White "Khachatryan, Veronika"]
[Black "Hakobyan, Astghik"]
[Result "1-0"]
[ECO "B13"]
[WhiteElo "1767"]
[BlackElo "1820"]
[Annotator "NA RC"]
[PlyCount "143"]
[EventDate "2021.02.16"]
[EventType "tourn"]
[EventCountry "ARM"]
[SourceTitle "playchess.com"]
[Source "ChessBase"]
[SourceQuality "1"]
[TimeControl "40/5400+30:1800+30"]

1. e4 c6 2. d4 d5 3. exd5 cxd5 4. c4 Nf6 5. Nc3 Be6 6. Qb3 Nc6 7. cxd5 Bxd5 (7... Nxd5 $11 {keeps the balance.} 8. Qxb7 Nxd4 9. Bb5+ Nxb5 10. Qxb5+ Qd7) 8. Nxd5 Nxd5 9. Qxb7 Ndb4 (9... Qc8 $1 $14 10. Qxc8+ Rxc8) 10. Bb5 Qc8 11. Bxc6+ (11. Qxc8+ $18 Rxc8 12. Ba4) 11... Nxc6 {[%emt 0:00:02] [#]} 12. Qxc8+ $1 Rxc8 13. Nf3 g6 14. Bd2 ({White should play} 14. Be3 $16) 14... Bg7 15. Bc3 O-O 16. Ke2 Rfd8 17. Rhd1 e6 18. g3 Ne7 19. Bb4 Nf5 20. Bc5 e5 21. Bxa7 exd4 22. Kd3 ({Better is} 22. a4 $14) 22... Rd7 23. Bb6 $1 Rb7 $1 24. Ba5 $1 Rxb2 25. Bd2 Ra8 26. Rdb1 Ra3+ ({Don't go for} 26... Raxa2 $2 27. Rxa2 Rxb1 28. g4 $18 (28. Ra8+ Bf8 $14)) 27. Ke4 d3 28. Rxb2 Bxb2 29. Rb1 Bf6 {[%emt 0:00:50] [#]} ({Better is} 29... Rxa2 $11 30. Kxd3 Ra3+ 31. Ke2 Bc3) 30. g4 (30. Rb8+ $1 $16 Kg7 31. Bb4) 30... Nd6+ 31. Kd5 Be7 $1 32. Bh6 Ra8 33. Ne5 Ne8 34. Rb7 $2 ({Much worse is} 34. Nxd3 Nf6+ {[%mdl 64] Double Attack} 35. Kc4 Nxg4 $17) (34. h3 $11 {and White has nothing to worry.}) 34... Rd8+ 35. Kc6 Rd6+ ({Of course not} 35... d2 $6 36. Bxd2 Rd6+ 37. Kc5 $11) 36. Kc5 {[%emt 0:00:39] [#]} Re6+ $2 (36... Bf8 $1 $19 37. Bd2 Rd8+ 38. Kc6 Rc8+ 39. Kd5 Rc2) 37. Kd5 $1 Nf6+ 38. Kd4 Ne8 (38... Bd6 $11 {keeps the balance.} 39. Nxf7 Be7) 39. Nxd3 g5 40. Rb8 Bd6 41. Ra8 f6 42. f4 Kf7 43. fxg5 fxg5 44. Bxg5 Nc7 45. Ra5 Bxh2 46. Ne5+ Bxe5+ 47. Rxe5 Ra6 48. Re7+ Kg6 49. Be3 Ne6+ {[%emt 0:02:04] [#]} 50. Kd5 $1 Ng5 (50... Nd8 $142 51. Ra7 Re6) 51. Ra7 Rf6 52. a4 Nf7 53. a5 Rd6+ 54. Kc5 Re6 55. Bd4 Re2 56. a6 Nd8 57. Rg7+ Kh6 58. a7 Ra2 59. g5+ (59. Bc3 $142) 59... Kh5 60. Kd5 Ra5+ 61. Bc5 Ra6 62. Rg8 Ne6 63. Be3 Nc7+ 64. Kc4 Ra3 {[%emt 0:00:26] [#]} 65. Bb6 (65. Rg7 $142 $1 Rxe3 (65... Ne6 66. Rxh7+) 66. Rxh7+ Kg6 67. Rxc7) 65... h6 66. g6 (66. gxh6 $142 Kxh6 67. Rc8 Ra4+ 68. Kb3 Rxa7 69. Bxa7) 66... Ra6 67. Bxc7 Rxa7 68. Be5 Ra5 69. Bd4 Rg5 70. g7 Kg6 71. Rf8 Kh7 72. Rh8+ 1-0